 Dungeon Crawl Stone Soup version 0.24.0-125-gc4c63601f3 (webtiles) character file.

Game seed: 13465778738087046349, levelgen mode: deterministic

65 Descartes the Magician (level 3, -4/19 HPs)
             Began as a Deep Elf Air Elementalist on Mar 15, 2020.
             Slain by Terence
             ... wielding a +5 morningstar of protection
              (9 damage)
             ... on level 1 of the Dungeon.
             The game lasted 00:04:53 (1676 turns).

Descartes the Magician (Deep Elf Air Elementalist)  Turns: 1676, Time: 00:04:54

Health: -4/19      AC:  2    Str:  5    XL:     3   Next: 94%
Magic:  7/10       EV: 13    Int: 20    God:
Gold:   77         SH:  0    Dex: 15    Spells: 8/9 levels left

rFire    . . .     SeeInvis .   i - +0 dagger
rCold    . . .     Gourm    .   (no shield)
rNeg     . . .     Faith    .   a - +0 robe
rPois    .         Spirit   .   (no helmet)
rElec    .         Reflect  .   (no cloak)
rCorr    .         Harm     .   (no gloves)
MR       .....                  (no boots)
Stlth    ++........             (no amulet)
HPRegen  0.06/turn              (no ring)
MPRegen  0.12/turn              (no ring)

@: no status effects
A: no striking features
a: no special abilities


You were on level 1 of the Dungeon.
You were not hungry.

You visited 1 branch of the dungeon, and saw 2 of its levels.

You collected 77 gold pieces.

Inventory:

Hand Weapons
 i - a +0 dagger (weapon)
Missiles
 b - 71 arrows
 g - 27 stones (quivered)
Armour
 a - a +0 robe (worn)
Wands
 k - a wand of polymorph (4)
Scrolls
 h - 2 scrolls of identify {unknown}
 j - a scroll of enchant weapon {unknown}
 l - a scroll of blinking {unknown}
Potions
 e - 2 potions of resistance {unknown}
 f - 3 potions of might {unknown}
Comestibles
 c - 4 rations


   Skills:
 + Level 3.3 Dodging
 - Level 2.4 Stealth
 + Level 3.9 Spellcasting
 + Level 2.1 Conjurations
 + Level 3.5 Air Magic


You had 8 spell levels left.
You knew the following spells:

 Your Spells              Type           Power        Failure   Level  Hunger
a - Shock                 Conj/Air       ###.         4%          1    None

Your spell library contained the following spells:

 Spells                   Type           Power        Failure   Level  Hunger
 Swiftness                Chrm/Air       ##......     10%         2    ##.....
 Static Discharge         Conj/Air       ###.....     12%         3    ###....
 Airstrike                Air            ###.......   30%         4    ####...
 Lightning Bolt           Conj/Air       ###.......   73%         5    ######.


Dungeon Overview and Level Annotations

Branches:
Dungeon (2/15)

Altars:
Nemelex Xobeh

Annotations:
D:1 Terence


Message History

The zap hits Terence.
Terence is moderately wounded.
Terence closely misses you.
Casting: Shock (safe; 4% risk of failure)
Confirm with . or Enter, or press ? or * to list all spells.
Aiming: Shock (safe; 4% risk of failure)
Press: ? - help, Shift-Dir - straight line, f/p - Terence
Aim: Terence, wielding a +5 morningstar of protection and wearing a +0 chain mail (moderately wounded)
The zap hits Terence.
Terence is heavily wounded.
Terence hits you with a +5 morningstar of protection!
* * * LOW HITPOINT WARNING * * *
Terence looks scornfully at you.
Evoke which item? (* to show all) (? for menu, Esc to quit)
Aiming: Polymorph
Press: ? - help, Shift-Dir - straight line, f/p - Terence
Aim: Terence, wielding a +5 morningstar of protection and wearing a +0 chain mail (heavily wounded, chance to defeat MR: 54%) Terence resists with significant effort.
Terence hits you with a +5 morningstar of protection!
You die...

.................................
################################.
.##.##..# ###########.####.
#.#.#.#.# #.............##.
##...##.# #.#########.#.##.
###...#.# #.# #.#.##รท # ##''###
#.# #.#.##. ###.##.##########@#
#.#.##. #.##...##...>..@.#
#.#.##. #.##.<.###########
###....#. #.##....########
#........ #.#8####.#.....#
#.###.##. ##.......#.###.#####
#.# #.##. ###########.# #.....#
##.###.##. #..#
#......###.###.####...#...#. #..#
#..........# #...).......... #>.#
#.....##.### ######...#...##


You could see Terence.

Vanquished Creatures
  Jessica (D:2)
  2 dart slugs (D:2)
  2 leopard geckos (D:1)
  2 ball pythons
  4 goblins
  5 hobgoblins
  3 jackals
  5 bats
  4 frilled lizards
  3 kobolds
  2 rats (D:1)
33 creatures vanquished.

Notes
Turn   | Place    | Note
-------+----------+-------------------------------------------
     0 | D:1      | Descartes the Deep Elf Air Elementalist began the quest for
                  | the Orb.
     0 | D:1      | Reached XP level 1. HP: 10/10 MP: 6/6
   357 | D:1      | Reached XP level 2. HP: 15/15 MP: 4/8
  1278 | D:2      | Reached XP level 3. HP: 19/19 MP: 5/10
  1397 | D:2      | Found a sparkling altar of Nemelex Xobeh.
  1397 | D:2      | Noticed Jessica
  1423 | D:2      | Killed Jessica
  1596 | D:2      | Noticed Terence
  1676 | D:1      | Slain by Terence

Levels and vault maps discovered:
D:1:      saegor_arrival_simple_e, layout_loops_ring, serial_park_tiny_2,
          columned_hall_lemuel
D:2:      layout_rooms, grunt_temple_overflow_open,
          chequers_ecumenical_altar_simple_redux, nemelex_lonely_heart_becter,
          uniq_jessica, uniq_terence

Skill      XL: |  1  2  3 |
---------------+----------+-----
Dodging        | 3 |  3.3
Conjurations   | 2 |  2.1
Stealth        | |  2.4
Spellcasting   | |  3.9
Air Magic      | |  3.5

Action                   || total
-------------------------++-------
Melee: Unarmed           ||     2
 Cast: Shock             ||    90
Evoke: Wand              ||     1
  Eat: Chunk             ||     2
Armor: Robe              ||     6
Dodge: Dodged            ||    15
